 Dungeon Crawl Stone Soup version 0.32-a0-485-g70f7560b1c (webtiles) character file.

Game seed: 13710792444494229716

29353 zenocrate the Severer (level 11, -1/99 (102) HPs)
             Began as a Minotaur Fighter on Feb 26, 2024.
             Was an Elder of Ru.
             Slain by a torpor snail (11 damage)
             ... on level 2 of the Lair of Beasts.
             The game lasted 00:14:36 (12309 turns).

zenocrate the Severer (Minotaur Fighter)           Turns: 12309, Time: 00:14:36

HP:   -1/99 (102)   AC: 19    Str: 27    XL:     11   Next: 14%
MP:   10/10         EV: 12    Int:  4    God:    Ru [****..]
Gold: 1997          SH:  5    Dex: 14    Spells: 7/10 levels left

rFire   . . .        b - +3 war axe (vamp)
rCold   + + +        c - +0 buckler
rNeg    . . .        Q - +7 Kryia's mail coat {PotionHeal*2 rC+}
rPois   .            q - +1 hat
rElec   +            R - +0 cloak
rCorr   .            (no gloves)
SInv    .            (no boots)
Will    .....        (no amulet) Stlth
                     A - +6 ring of strength
HPRegen 0.36/turn    P - ring "Estruw" {Fly rElec rC++ Str-3}
MPRegen 0.12/turn

%: inaccuracy (-5)
@: exhausted, flying, slowed, lightly drained, very slow
A: horns 2, inexperienced 2, missing an eye, retaliatory headbutt, hooves 1,
agile 1, cold resistance 1, wild magic 1
a: Renounce Religion, Draw Out Power, Power Leap


You were on level 2 of the Lair of Beasts.
You worshipped Ru.
Ru was greatly pleased with you.
You visited 3 branches of the dungeon, and saw 13 of its levels.
You also visited: Bailey.

You collected 1997 gold pieces.

Inventory:

Hand Weapons
 a - a +0 broad axe
 b - a +3 vampiric war axe (weapon)
Missiles
 p - 26 poisoned darts (quivered)
 r - 8 curare-tipped darts
 u - 26 boomerangs
 K - 3 throwing nets
 T - 8 datura-tipped darts
Armour
 c - a +0 buckler (worn)
 q - a +1 hat (worn)
 Q - the +7 Kryia's mail coat (worn) {PotionHeal*2 rC+}
   (You found it on level 9 of the Dungeon)

   PotionHeal*2: Potions heal its wearer twice as much.
   rC+:       It protects you from cold.
 R - a +0 cloak (worn)
Jewellery
 A - a +6 ring of strength (left hand)
 P - the ring "Estruw" (right hand) {Fly rElec rC++ Str-3}
   (You found it on level 9 of the Dungeon)

   [ring of flight]

   Str-3:     It affects your strength (-3).
   rC++:      It greatly protects you from cold.
   rElec:     It insulates you from electricity.
   Fly:       It grants you flight.
Wands
 e - a wand of quicksilver (13)
 f - a wand of digging (6)
 v - a wand of flame (13)
 G - a wand of polymorph (18)
 H - a wand of charming (15)
 M - a wand of iceblast (13)
Scrolls
 j - 3 scrolls of revelation
 k - 5 scrolls of teleportation
 l - a scroll of fog {unknown}
 n - 4 scrolls of blinking
 o - a scroll of silence {unknown}
 s - 2 scrolls of enchant armour {unknown}
 w - a scroll of torment {unknown}
 C - 3 scrolls of poison {unknown}
 D - 2 scrolls of immolation {unknown}
 J - a scroll of acquirement {unknown}
Potions
 d - 2 potions of might
 g - 3 potions of lignification
 h - 7 potions of attraction
 i - 5 potions of curing
 m - 2 potions of heal wounds
 t - 2 potions of resistance
 x - 2 potions of haste
 z - a potion of invisibility
 B - a potion of mutation
 L - 2 potions of enlightenment {unknown}
 N - a potion of magic {unknown}
 S - a potion of ambrosia {unknown}
 U - a potion of berserk rage
Miscellaneous
 O - a tin of tremorstones (2/2)


   Skills:
 + Level 11.3 Fighting
 + Level 16.6 Axes
 + Level 3.8 Throwing
 + Level 14.4 Armour
 + Level 4.0 Dodging
 + Level 5.9 Shields
 - Level 1.5 Necromancy
 * Level 6.1 Evocations


You had 7 spell levels left.
You knew the following spells:

 Your Spells              Type           Power      Damage    Failure   Level
a - Fugue of the Fallen   Necr           1%         N/A       92%         3

Your spell library contained the following spells:

 Spells                   Type           Power      Damage    Failure   Level
 Kiss of Death            Conj/Necr      0%         2d5       73%         1
 Ensorcelled Hibernation  Hex/Ice        0%         N/A       91%         2
 Confusing Touch          Hex            0%         N/A       99%         3
 Inner Flame              Hex/Fire       0%         N/A       99%         3
 Anguish                  Hex/Necr       0%         N/A       100%        4
 Dispel Undead            Necr           1%         3d6       100%        4
 Irradiate                Conj/Alch      0%         3d11      100%        5
 Ignition                 Fire           0%         3d3       100%        8


Dungeon Overview and Level Annotations

Branches:
Dungeon (10/15)            Temple (1/1) D:6            Lair (2/5) D:10
 Bailey (visited)
  Swamp: Lair:2-3    Shoals: Lair:2-3     Snake: Lair:2-3    Spider: Lair:2-3
    Orc: D:9-12

Altars:
Ashenzari
Cheibriados
Dithmenos
Elyvilon
Fedhas
Gozag
Hepliaklqana
Kikubaaqudgha
Makhleb
Nemelex Xobeh
Okawaru
Qazlal
Ru
Sif Muna
Trog
Uskayaw
Vehumet
Wu Jian
Xom
Yredelemnul
Zin
The Shining One

Shops:
D:9 *   D:10 :

Annotations:
D:8 5 transporters


Innate Abilities, Weirdness & Mutations

You have a pair of horns on your head.
You are inexperienced. (-2 XL)
You are missing an eye, making it more difficult to aim.
You reflexively headbutt those who attack you in melee.
You have large cloven feet.
You are agile. (Dex +4, Str/Int -1)
Your flesh is cold resistant. (rC+)
Your spells are a little harder to cast, but a little more powerful.


Message History

You feel drained.
The skyshark is stunned by your conviction and fails to attack.
The skyshark bites you! The skyshark tail-slaps you.
The skyshark tail-slaps you but does no damage.
The skyshark bites you. The skyshark tail-slaps you.
The skyshark tail-slaps you but does no damage.
The torpor snail closely misses you.
Being near the torpor snail leaves you feeling lethargic.
You barely miss the skyshark. You headbutt the skyshark!
The skyshark is severely wounded.
You slash the torpor snail!
You feel better. The skyshark bites you.
The skyshark tail-slaps you but does no damage. x2
The torpor snail bites you!
* * * LOW HITPOINT WARNING * * *
Unknown command.
Unknown command.
You slice the skyshark!!
You feel better.
Your kick misses the skyshark.
The skyshark is almost dead.
You hit the torpor snail.
You feel better. You block the skyshark's attack. The skyshark tail-slaps you.
* * * LOW HITPOINT WARNING * * *
The skyshark misses you.
The skyshark bites you but does no damage.
The skyshark tail-slaps you!
* * * LOW HITPOINT WARNING * * *
You focus your inner power and illuminate the skyshark in retribution!
The skyshark tail-slaps you but does no damage.
Unknown command.
Aiming: Quicksilver Bolt
Press: ? - help, Shift-Dir - straight line, f - skyshark
Aim: a skyshark (almost dead, berserk, softly glowing, 81% to hit)
The bolt of dispelling energy hits the skyshark!
You kill the skyshark!
You block the torpor snail's attack.
Your Dodging skill increases to level 4!
You barely miss the torpor snail. Your kick misses the torpor snail.
The torpor snail is moderately wounded.
The torpor snail bites you!
You die...
Ru respects your ultimate sacrifice.

#......#P.
####...........
#.##...........
##..............
#............#.#
#..............#
#..........(...#
#........wP...#
##.##...@†...#
####...#.......
##..........
###........
........
........
#....... .......


You could see a torpor snail.

Vanquished Creatures
  Harold (D:10)
  A catoblepas (D:9)
  A boulder beetle (D:9)
  4 centaur warriors (D:9)
  A tengu warrior (D:9)
  2 two-headed ogres
  2 skysharks (Lair:2)
  An arcanist (D:9)
  2 deep elf pyromancers
  An orc knight (Bailey)
  A manticore (D:9)
  Maurice (D:9)
  Joseph (D:8)
  5 elephants (Lair:1)
  2 black mambas (Lair:1)
  5 komodo dragons
  Jeremiah (D:8)
  3 cane toads (Lair:1)
  A kobold demonologist (D:10)
  4 trolls
  Prince Ribbit (D:8)
  A hornet (D:8)
  4 blink frogs (Lair:2)
  44 yaks
  A spriggan (shapeshifter) (D:9)
  2 vampires (D:9)
  3 basilisks
  2 steam dragons
  A vampire mosquito (D:9)
  An acid dragon (D:9)
  5 water moccasins
  A black bear (D:7)
  3 sky beasts
  An orc warrior (Bailey)
  An ogre (D:6)
  4 wolves (Lair:1)
  2 centaurs (D:9)
  5 kobold brigands (Bailey)
  A phantom (D:5)
  7 bullfrogs
  2 scorpions
  13 wights
  5 howler monkeys (D:7)
  8 electric eels (D:10)
  4 bombardier beetles
  2 quasits (D:7)
  2 jellies (D:7)
  A gnoll bouda (D:9)
  9 orc priests
  4 hounds
  Ijyb (D:3)
  3 sleepcaps
  2 iguanas
  Natasha (thrice) (D:4)
  9 orc wizards
  Robin (D:3)
  5 gnolls (D:9)
  6 adders
  A shadow imp (D:7)
  7 white imps (D:7)
  8 ufetubi
  2 ribbon worms
  A dart slug (D:1)
  34 orcs
  6 ball pythons
  8 endoplasms
  4 giant cockroaches
  11 goblins
  15 hobgoblins
  14 jackals
  11 kobolds
  5 quokkas
  7 bats
  4 frilled lizards
  8 rats
356 creatures vanquished.

Vanquished Creatures (others)
  A wight (D:7)
  An orc (D:10)
2 creatures vanquished.

Grand Total: 358 creatures vanquished

Notes
Turn   | Place    | Note
-------+----------+-------------------------------------------
     0 | D:1      | zenocrate the Minotaur Fighter began the quest for the Orb.
     0 | D:1      | Reached XP level 1. HP: 19/19 MP: 0/0
    54 | D:1      | Reached skill level 3 in Axes
    68 | D:1      | Reached XP level 2. HP: 26/26 MP: 1/1
   169 | D:1      | Reached skill level 4 in Axes
   414 | D:1      | Reached XP level 3. HP: 31/31 MP: 2/2
   864 | D:2      | Reached skill level 5 in Axes
  1131 | D:2      | Reached XP level 4. HP: 39/39 MP: 3/3
  1797 | D:3      | Noticed Robin
  1803 | D:3      | Killed Robin
  1804 | D:3      | Noticed Ijyb
  1809 | D:3      | Killed Ijyb
  1810 | D:3      | Reached XP level 5. HP: 41/46 MP: 4/4
  1855 | D:3      | Identified the +1 helmet "Xiphuh" {+Blink}
  2139 | D:3      | Reached skill level 6 in Axes
  2383 | D:3      | Found a sacrificial altar of Ru.
  2447 | D:3      | Became a worshipper of Ru the Awakened
  2488 | D:4      | Found a broken altar of Ashenzari.
  2657 | D:4      | Gained mutation: You are agile. (Dex +4, Str/Int -1)
                  | [potion of mutation]
  2657 | D:4      | Gained mutation: Your flesh is cold resistant. (rC+)
                  | [potion of mutation]
  2657 | D:4      | Gained mutation: Your spells are a little harder to cast,
                  | but a little more powerful. [potion of mutation]
  2657 | D:4      | Gained mutation: You have large cloven feet. [potion of
                  | mutation]
  2662 | D:4      | Noticed Natasha
  2677 | D:4      | Killed Natasha
  2678 | D:4      | Reached XP level 6. HP: 54/55 MP: 5/5
  2698 | D:4      | Noticed Natasha
  2704 | D:4      | Killed Natasha
  2705 | D:4      | Reached skill level 5 in Fighting
  2760 | D:4      | Reached skill level 5 in Armour
  3071 | D:4      | Noticed Natasha
  3076 | D:4      | Killed Natasha
  3077 | D:4      | Reached skill level 7 in Axes
  3077 | D:4      | Reached XP level 7. HP: 61/61 MP: 6/6
  3170 | D:5      | Entered Level 5 of the Dungeon
  3398 | D:5      | Found a shimmering altar of Xom.
  3404 | D:5      | Gained mutation: You are missing an eye, making it more
                  | difficult to aim. [Ru sacrifice]
  3404 | D:5      | Reached * piety under Ru
  3533 | D:5      | Found a hazy altar of Hepliaklqana.
  3819 | D:6      | Found a staircase to the Ecumenical Temple.
  4212 | D:6      | Noticed a steam dragon
  4225 | D:6      | Killed a steam dragon
  4226 | D:6      | Reached skill level 8 in Axes
  4226 | D:6      | Reached XP level 8. HP: 26/71 MP: 7/7
  4761 | Temple   | Entered the Ecumenical Temple
  4787 | D:7      | Noticed a two-headed ogre
  4794 | D:7      | Killed a two-headed ogre
  4795 | D:7      | Reached skill level 9 in Axes
  4795 | D:7      | Reached XP level 9. HP: 22/82 MP: 8/8
  4812 | D:6      | HP: 2/82 [sky beast (5)]
  5221 | D:7      | Reached skill level 10 in Axes
  5619 | D:7      | Reached skill level 10 in Fighting
  5621 | D:7      | Reached skill level 10 in Armour
  5640 | D:7      | Reached skill level 11 in Axes
  5961 | D:8      | Noticed Prince Ribbit
  5961 | D:8      | Noticed Joseph
  5973 | D:8      | Killed Prince Ribbit
  5974 | D:8      | Reached XP level 10. HP: 84/93 MP: 9/9
  5975 | D:8      | Killed Joseph
  5976 | D:8      | Reached skill level 1 in Evocations
  6012 | D:8      | Found a transporter.
  6014 | D:8      | Found a transporter.
  6069 | D:8      | Noticed Jeremiah
  6088 | D:8      | Killed Jeremiah
  6245 | D:8      | Gained mutation: You are somewhat inexperienced. (-1 XL)
                  | [Ru sacrifice]
  6245 | D:8      | Reached XP level 9. HP: 70/81 MP: 8/8
  6245 | D:8      | Reached ** piety under Ru
  6300 | D:8      | Found a transporter.
  6302 | D:8      | Found a transporter.
  6399 | D:8      | Found a transporter.
  6404 | D:8      | Found a transporter.
  6541 | D:8      | Found a basalt altar of Yredelemnul.
  6849 | D:9      | Found the +7 Kryia's mail coat {PotionHeal*2 rC+}
  6949 | D:9      | Found a bloodstained altar of Trog.
  7182 | D:9      | Reached skill level 12 in Axes
  7329 | D:9      | Noticed a two-headed ogre
  7339 | D:9      | Killed a two-headed ogre
  7638 | D:9      | Noticed a manticore
  7638 | D:9      | Noticed a cane toad
  7638 | D:9      | Noticed a centaur warrior
  7642 | D:9      | Found a runed translucent door.
  7770 | D:9      | Noticed a fire crab
  7968 | D:9      | Noticed a boulder beetle
  7996 | D:9      | Killed a boulder beetle
  7997 | D:9      | Reached skill level 13 in Axes
  7997 | D:9      | Reached XP level 10. HP: 43/93 MP: 9/9
  8182 | D:9      | Noticed a centaur warrior
  8184 | D:9      | Noticed a centaur warrior
  8184 | D:9      | Noticed a catoblepas
  8187 | D:9      | Identified the ring of Noisch {rC+ Int+4}
  8187 | D:9      | Noticed a tengu warrior
  8188 | D:9      | Noticed an arcanist
  8188 | D:9      | Noticed a deep elf pyromancer
  8188 | D:9      | Noticed a centaur warrior
  8325 | D:9      | Killed a centaur warrior
  8420 | D:9      | Killed a tengu warrior
  8536 | D:9      | Killed a centaur warrior
  8681 | D:9      | Killed an arcanist
  8682 | D:9      | Reached skill level 14 in Axes
  8687 | D:9      | Killed a deep elf pyromancer
  8708 | D:9      | Killed a catoblepas
  8750 | D:9      | Identified the +9 mace of Karma {spect, rC+ Int+2}
  8751 | D:9      | Identified the ring "Estruw" {Fly rElec rC++ Str-3}
  8760 | D:9      | Killed a centaur warrior
  8903 | D:9      | Noticed Maurice
  8929 | D:9      | Something stole a +6 ring of dexterity
  8931 | D:9      | Something stole a tin of tremorstones (2/2)
  8932 | D:9      | Something stole a +2 war axe
  8934 | D:9      | Something stole 374 gold
  8936 | D:9      | Killed Maurice
  8937 | D:9      | Reached skill level 15 in Axes
  9499 | D:9      | Found Xiaz's Neck Hole.
  9655 | D:9      | Killed a centaur warrior
  9714 | D:10     | Entered Level 10 of the Dungeon
  9821 | D:10     | Found Zuhyo's Self-Published Books.
  9876 | D:10     | Reached XP level 11. HP: 94/100 MP: 10/10
  9882 | D:10     | Reached skill level 16 in Axes
  9949 | D:10     | Found a staircase to the Lair.
  9971 | D:10     | Reached skill level 1 in Throwing
  9971 | D:10     | Reached skill level 1 in Dodging
 10020 | D:10     | Found a flagged portal.
 10030 | Bailey   | Entered a bailey
 10393 | Bailey   | Found an iron altar of Okawaru.
 10534 | D:10     | Gained mutation: You are inexperienced. (-2 XL) [Ru
                  | sacrifice]
 10534 | D:10     | Reached XP level 10. HP: 94/94 MP: 9/9
 10534 | D:10     | Reached *** piety under Ru
 10534 | D:10     | Reached **** piety under Ru
 10583 | D:10     | Noticed Harold
 10591 | D:10     | Killed Harold
 10637 | D:10     | Found a hide-covered altar of Uskayaw.
 10709 | D:10     | Found a shadowy altar of Dithmenos.
 10747 | D:10     | Reached skill level 5 in Evocations
 10958 | D:10     | Learned a level 3 spell: Fugue of the Fallen
 10985 | Lair:1   | Entered Level 1 of the Lair of Beasts
 11337 | Lair:1   | Reached skill level 1 in Necromancy
 11344 | Lair:1   | Reached skill level 5 in Shields
 11932 | Lair:1   | Reached XP level 11. HP: 100/102 MP: 10/10
 12309 | Lair:2   | Slain by a torpor snail

Illustrated notes

Levels and vault maps discovered:
D:1:      minmay_arrival_three_doors, layout_loops_cross, minmay_small_reverse_x
D:2:      layout_basic, minmay_circle_x
D:3:      layout_basic, nicolae_ru_great_annihilating_truth, fountainhead,
          nicolae_goblin_pals
D:4:      layout_basic, evilmike_ruin_ashenzari, uniq_natasha
D:5:      layout_basic, nicolae_overflow_hidden_temple,
          mainiacjoe_overflow_alcove_2, dk_vineyard_2
D:6:      layout_rooms, minmay_temple_entry_drinking_statues, minmay_pentangle
D:7:      layout_cave_pools, serial_demonic, serial_demonic_a, serial_demonic_b,
          serial_demonic_c, serial_demonic_f, serial_demonic_a,
          serial_demonic_g, serial_demonic_a
D:8:      layout_loops_ring, mainiacjoe_overflow_brackets, st_stairs_9,
          serial_nicolae_subway, nicolae_sub_station_crystal,
          nicolae_sub_station_stone, nicolae_sub_station_metal,
          uniq_prince_ribbit1, uniq_joseph, uniq_jeremiah
D:9:      minmay_the_grid_triangle_9x9_rhombus_full
          [minmay_the_grid_triangle_9x9_subtriangle,
          minmay_the_grid_triangle_9x9_pentomino_pain,
          minmay_the_grid_triangle_9x9_corruption,
          minmay_the_grid_triangle_9x9_swiss_cheese,
          minmay_the_grid_triangle_9x9_limited_checkers,
          minmay_the_grid_triangle_9x9_warning,
          minmay_the_grid_triangle_9x9_corrupted_corridor,
          minmay_the_grid_triangle_9x9_prize_schism], layout_basic,
          kennysheep_little_box, nicolae_shop_sticking_my_neck_out, uniq_maurice
D:10:     layout_basic, old_standard_altar, grunt_dithmenos_smoke_and_mirrors,
          lair_entry_dummy, enter_bailey_2, grunt_ministairs_4,
          nicolae_custom_books, uniq_harold
Temple:   minmay_temple_curvy_branch
Lair:1:   layout_roguey, grunt_megastairs_4, serial_bayou_shore_a,
          serial_bayou_shore_b
Lair:2:   layout_cave_shapes, nicolae_snake_entry_squirm, serial_bayou_shore_b,
          uniq_maggie

Skill      XL: |  1  2  3  4  5  6  7  8  9 10 11 |
---------------+----------------------------------+-----
Axes           | 3 4 5 6 7 8 9 13 15 16 | 16.6
Fighting       | 4 5 6 8 10 11 | 11.3
Armour         | 4 5 6 8 11 14 | 14.4
Evocations     | 4 5 6 |  6.1
Throwing       | 3 1 |  3.8
Dodging        | 3 4 |  4.0
Shields        | 5 4 |  5.9
Necromancy     | 1 |  1.5

Action                     |  1- 3 |  4- 6 |  7- 9 | 10-12 || total
---------------------------+-------+-------+-------+-------++-------
  Melee: War axe           |    87 |   122 |   379 |   555 ||  1143
         Headbutt          |    14 |    14 |    59 |   121 ||   208
         Kick              |       |     7 |    89 |   142 ||   238
         Unarmed           |       |       |       |     8 ||     8
 Invoke: Sacrifice an Eye  |       |       |     1 |       ||     1
         Sacrifice Experie |       |       |     1 |     1 ||     2
         Draw Out Power    |       |       |       |     2 ||     2
  Evoke: Wand              |       |       |       |    15 ||    15
    Use: Scroll            |     4 |     2 |     6 |     5 ||    17
         Potion            |       |     1 |     1 |     3 ||     5
   Stab: Paralysed         |       |     1 |       |       ||     1
         Invisible         |       |       |     2 |     3 ||     5
         Distracted        |       |       |       |     1 ||     1
 Armour: Scale mail        |    51 |       |       |   288 ||   339
         Plate armour      |     1 |   111 |   361 |   117 ||   590
         Skin              |       |       |       |    43 ||    43
  Dodge: Dodged            |    40 |    36 |   118 |   189 ||   383
  Block: Buckler           |    28 |    22 |    92 |   115 ||   257

Table legend: (Time is in decaauts)
 A = Elapsed time spent in this place.
 B = Non-inter-level travel time spent in this place.
 C = Inter-level travel time spent in this place.
 D = Time resting spent in this place.
 E = Time spent auto-exploring this place.
 F = Levels seen in this place.
 G = Mean time per level.
                   A        B        C        D        E       F      G
               +--------+--------+--------+--------+--------+-----+--------+
         Total |  12247 |  11884 |    363 |      4 |   9621 |  14 |  874.8 |
       Dungeon |  10543 |  10226 |    317 |      4 |   8378 |  10 | 1054.3 |
        Temple |      1 |      1 |      0 |      0 |      0 |   1 |    1.0 |
          Lair |   1264 |   1218 |     46 |      0 |    880 |   2 |  632.0 |
        Bailey |    438 |    438 |      0 |      0 |    362 |   1 |  438.0 |
               +--------+--------+--------+--------+--------+-----+--------+

Top non-repeatable levels by time:
     D:9: 2831 daAuts
     D:6: 1273 daAuts
  Lair:1: 1097 daAuts
     D:2: 1072 daAuts
     D:7: 918 daAuts
     D:8: 874 daAuts
    D:10: 801 daAuts
     D:1: 726 daAuts
     D:4: 718 daAuts
     D:3: 706 daAuts
     D:5: 619 daAuts
  Bailey: 438 daAuts
  Lair:2: 167 daAuts
  Temple: 1 daAuts
